 Dungeon Sprint DCSS version 0.30-a0-305-g026cb31310 (webtiles) character file.

Game seed: 13790832000056017084

16809 rocky1 the Wrestler (level 12, -5/110 HPs)
             Began as a Yellow Draconian Transmuter on Oct 23, 2022.
             Was the Champion of Cheibriados.
             Slain by an orc knight
             ... wielding a +0 great sword of electrocution
              (8 damage)
             ... in the Dungeon (Sprint IX: "|||||||||||||||||||||||||||||").
             The game lasted 00:08:34 (3169 turns).

rocky1 the Wrestler (Yellow Draconian Transmuter)   Turns: 3169, Time: 00:08:34

Health: -5/110     AC: 13    Str: 28    XL:     12   Next: 13%
Magic:  6/24       EV: 22    Int: 34    God:    Cheibriados [******]
Gold:   150        SH:  0    Dex: 29    Spells: 18/28 levels left

rFire   . . .      SeeInvis .      - Unarmed
rCold   . . .      Faith    .    (no shield)
rNeg    . . .      Spirit   .    (body armour unavailable)
rPois   .          Reflect  .    s - +0 hat
rElec   .          Harm     .    t - +1 cloak
rCorr   +          Rampage  .    j - +0 pair of gloves
Will    .....      NoTele   +    (no boots)
Stlth   ++........               (no amulet)
HPRegen 0.38/turn                k - +2 ring of protection
MPRegen 0.19/turn                l - +3 ring of dexterity

@: very slow
A: spit acid, AC +8, unfitting armour, cold-blooded, acid resistance
a: Breathe Acid, Renounce Religion, Bend Time, Temporal Distortion, Slouch, Step
From Time


You were in the Dungeon.
You worshipped Cheibriados.
Cheibriados was exalted by your worship.
You visited 1 branch You collected 150 gold pieces.

Inventory:

Armour
 j - a +0 pair of gloves (worn)
 p - a +0 cloak
 s - a +0 hat (worn)
 t - a +1 cloak (worn)
Jewellery
 k - a +2 ring of protection (left hand)
 l - a +3 ring of dexterity (right hand)
Wands
 i - a wand of iceblast (10)
 r - a wand of flame (8)
Scrolls
 g - 3 scrolls of blinking
 h - 2 scrolls of amnesia
 m - 4 scrolls of enchant weapon
 n - a scroll of fear
 o - a scroll of butterflies
Potions
 a - a potion of lignification
 b - 4 potions of heal wounds
 c - 2 potions of brilliance
 d - a potion of haste
 e - 4 potions of magic
 f - 2 potions of curing
 q - 2 potions of mutation {unknown}


   Skills:
 - Level 11.1 Fighting
 - Level 9.6 Dodging
 * Level 23.0 Unarmed Combat
 - Level 8.9 Spellcasting
 - Level 9.7 Transmutations
 - Level 9.0 Invocations


You had 18 spell levels left.
You knew the following spells:

 Your Spells              Type           Power      Damage    Failure   Level
a - Beastly Appendage     Tmut           100%       N/A       1%          1
b - Wereblood             Tmut           69%        N/A       1%          2
c - Spider Form           Tmut/Pois      48%        N/A       1%          3
d - Ice Form              Ice/Tmut       48%        N/A       4%          4

Your spell library contained the following spells:

 Spells                   Type           Power      Damage    Failure   Level


Dungeon Overview and Level Annotations

Branches:
Dungeon (1/1)

Altars:
Cheibriados
Dithmenos
Elyvilon
Fedhas
Gozag
Hepliaklqana
Kikubaaqudgha
Makhleb
Nemelex Xobeh
Okawaru
Qazlal
Ru
Sif Muna
Trog
Uskayaw
Vehumet
Wu Jian
Xom
Yredelemnul
Zin
The Shining One
Jiyva
Lugonu

Shops:
D *


Innate Abilities, Weirdness & Mutations

You can spit globs of acid.
Your golden yellow scales are hard. (AC +8)
You cannot fit into any form of body armour.
You are cold-blooded and may be slowed by cold attacks.
You are resistant to acid. (rCorr)


Message History

Cheibriados appreciates the change of pace.
Your Unarmed Combat skill increases to level 23!
Unknown command.
The orc knight no longer looks unusually strong.
The orc knight roars a battlecry!
Things that are here:
a +0 flail; an orc corpse
Things that are here:
a +0 dagger; a +0 robe; an orc corpse
Items here: $ ) [ †.
You hiss as the wereblood boils in your veins!
Items here: $ ))) [[ †.
The orc knight attacks as you move away!
The orc knight completely misses you.
You hiss as the wereblood boils in your veins!
The orc knight hits you with a +0 great sword of electrocution!
* * * LOW HITPOINT WARNING * * *
Items here: $ ) [ †.
Your transformation is almost over.
Your primal bloodlust is almost over.
The orc knight barely misses you.
Items here: $ ) [ †.
The orc knight barely misses you.
Things that are here:
a +0 battleaxe; a +0 chain mail; 100 gold pieces You hiss as the wereblood boils in your veins!
The orc knight hits you with a +0 great sword of electrocution!
* * * LOW HITPOINT WARNING * * *
You are electrocuted!
* * * LOW HITPOINT WARNING * * *
Items here: $ )) [[.
You hiss as the wereblood boils in your veins!
Your primal bloodlust has ended.
The orc knight closely misses you.
Things that are here:
a +0 long sword; a +0 plate armour; 50 gold pieces Your transformation has ended.
Your +1 cloak unmelds from your body.
Your +0 hat unmelds from your body.
Your +0 pair of gloves unmelds from your body.
The orc knight hits you with a +0 great sword of electrocution!
You die...

▓▓▓▓▓▓▓▓▓▓▓▓▓▓▓▓▓▓▓▓▓▓▓▓▓▓▓▓▓▓▓▓▓
$)))...))))))))o@.....)))))))))..
▓▓▓▓▓▓▓▓▓▓▓▓▓▓▓▓▓▓▓▓▓▓▓▓▓▓▓▓▓▓▓▓▓
.................................
▓▓▓▓▓▓▓▓▓▓▓▓▓▓▓▓▓▓▓▓▓▓▓▓▓▓▓▓▓▓▓▓▓
..'.........'........÷÷.....!))..
▓▓▓▓▓▓▓▓▓▓▓▓▓▓▓▓▓▓▓▓▓▓▓▓▓▓▓▓▓▓▓▓▓
.................................
▓▓▓▓▓▓▓▓▓▓▓▓▓▓▓▓▓▓▓▓▓▓▓▓▓▓▓▓▓▓▓▓▓
..'________________________'....)


You could see an orc knight.

Vanquished Creatures
  Gastronok (D)
  3 catoblepae (D)
  4 death yaks (D)
  2 boulder beetles (D)
  3 orc high priests (D)
  4 orc knights (D)
  An ugly thing (D)
  2 orc sorcerers (D)
  Maurice (D)
  5 cane toads (D)
  A komodo dragon (D)
  Psyche (D)
  2 blink frogs (D)
  A hornet (D)
  A vampire (D)
  A shadow (D)
  5 yaks (D)
  4 water moccasins (D)
  9 orc warriors (D)
  An ice beast (D)
  A centaur (D)
  2 wolves (D)
  A phantom (D)
  A bullfrog (D)
  A wight (D)
  2 howler monkeys (D)
  2 orc priests (D)
  8 orc wizards (D)
  A shadow imp (D)
  An ufetubus (D)
  6 orcs (D)
  An endoplasm (D)
  A bat (D)
  A frilled lizard (D)
  2 rats (D)
83 creatures vanquished.

Notes
Turn   | Place    | Note
-------+----------+-------------------------------------------
     0 | D        | rocky1 the Draconian Transmuter began the quest for the
                  | Orb.
     0 | D        | Reached XP level 1. HP: 16/16 MP: 3/3
   130 | D        | Noticed an ice beast
   130 | D        | Noticed a phantom
   143 | D        | Reached XP level 2. HP: 18/25 MP: 2/5
   161 | D        | Killed a phantom
   162 | D        | Reached skill level 4 in Unarmed Combat
   162 | D        | Reached XP level 3. HP: 22/33 MP: 2/8
   162 | D        | Reached XP level 4. HP: 27/40 MP: 2/9
   167 | D        | Killed an ice beast
   168 | D        | Reached skill level 5 in Fighting
   168 | D        | Reached skill level 5 in Unarmed Combat
   168 | D        | Reached skill level 5 in Transmutations
   168 | D        | Reached XP level 5. HP: 34/48 MP: 2/12
   353 | D        | Found a snail-covered altar of Cheibriados.
   353 | D        | Found a shadowy altar of Dithmenos.
   353 | D        | Found a white marble altar of Elyvilon.
   353 | D        | Found a blossoming altar of Fedhas.
   353 | D        | Found an opulent altar of Gozag.
   354 | D        | Found a hazy altar of Hepliaklqana.
   355 | D        | Found a viscous altar of Jiyva.
   356 | D        | Found an ancient bone altar of Kikubaaqudgha.
   357 | D        | Became a worshipper of Cheibriados the Contemplative
   358 | D        | Found a corrupted altar of Lugonu.
   359 | D        | Found a burning altar of Makhleb.
   360 | D        | Found a sparkling altar of Nemelex Xobeh.
   361 | D        | Found an iron altar of Okawaru.
   362 | D        | Found a stormy altar of Qazlal.
   363 | D        | Found a sacrificial altar of Ru.
   364 | D        | Found a shimmering blue altar of Sif Muna.
   365 | D        | Found a bloodstained altar of Trog.
   366 | D        | Found a hide-covered altar of Uskayaw.
   367 | D        | Found a radiant altar of Vehumet.
   368 | D        | Found an ornate altar of the Wu Jian Council.
   369 | D        | Found a shimmering altar of Xom.
   370 | D        | Found a basalt altar of Yredelemnul.
   371 | D        | Found a glowing silver altar of Zin.
   372 | D        | Found a glowing golden altar of the Shining One.
   407 | D        | Learned a level 2 spell: Wereblood
   411 | D        | Learned a level 3 spell: Spider Form
   416 | D        | Learned a level 4 spell: Ice Form
   459 | D        | Noticed a centaur
   459 | D        | Noticed a hornet
   459 | D        | Noticed a shadow
   461 | D        | Reached skill level 5 in Spellcasting
   461 | D        | Reached skill level 1 in Invocations
   465 | D        | Killed a shadow
   465 | D        | Reached * piety under Cheibriados
   466 | D        | Reached skill level 5 in Dodging
   466 | D        | Reached skill level 6 in Unarmed Combat
   466 | D        | Reached XP level 6. HP: 45/58 MP: 9/14
   469 | D        | Killed a hornet
   470 | D        | Reached skill level 7 in Unarmed Combat
   470 | D        | Your scales start taking on a golden yellow colour.
   470 | D        | Reached XP level 7. HP: 32/66 MP: 9/16
   470 | D        | Gained mutation: You are resistant to acid. (rCorr) [Yellow
                  | Draconian growth]
   473 | D        | Reached ** piety under Cheibriados
   480 | D        | Reached skill level 5 in Invocations
   481 | D        | Reached *** piety under Cheibriados
   895 | D        | Noticed a boulder beetle
   895 | D        | Noticed a boulder beetle
   895 | D        | Noticed a white ugly thing
   895 | D        | Noticed a vampire
   895 | D        | Noticed a catoblepas
   901 | D        | Killed a catoblepas
   902 | D        | Reached skill level 8 in Unarmed Combat
   902 | D        | Reached XP level 8. HP: 67/75 MP: 15/19
   923 | D        | Killed a white ugly thing
   936 | D        | Killed a boulder beetle
   936 | D        | Reached **** piety under Cheibriados
   937 | D        | Reached skill level 9 in Unarmed Combat
   937 | D        | Reached XP level 9. HP: 17/85 MP: 19/21
   944 | D        | Killed a boulder beetle
   945 | D        | Reached skill level 10 in Fighting
  1441 | D        | Noticed a cane toad
  1443 | D        | Killed a cane toad
  1443 | D        | Reached ***** piety under Cheibriados
  1444 | D        | Reached skill level 10 in Unarmed Combat
  1449 | D        | Noticed a cane toad
  1453 | D        | Reached skill level 11 in Unarmed Combat
  1455 | D        | Reached XP level 10. HP: 95/95 MP: 19/22
  1461 | D        | Reached ****** piety under Cheibriados
  1469 | D        | Killed a cane toad
  1470 | D        | Reached skill level 12 in Unarmed Combat
  1736 | D        | Noticed a cane toad
  1737 | D        | Noticed a cane toad
  1743 | D        | Reached skill level 13 in Unarmed Combat
  1744 | D        | Noticed a cane toad
  1748 | D        | Killed a cane toad
  1749 | D        | Reached skill level 14 in Unarmed Combat
  1752 | D        | Killed a cane toad
  1758 | D        | Killed a cane toad
  1759 | D        | Reached skill level 15 in Unarmed Combat
  1923 | D        | Noticed a death yak
  1923 | D        | Noticed a catoblepas
  1923 | D        | Noticed a death yak
  1923 | D        | Noticed a death yak
  1923 | D        | Noticed a death yak
  1927 | D        | Killed a death yak
  1927 | D        | Noticed a catoblepas
  1930 | D        | Killed a death yak
  1931 | D        | Reached skill level 16 in Unarmed Combat
  1934 | D        | Killed a death yak
  1935 | D        | Reached skill level 17 in Unarmed Combat
  1935 | D        | Reached XP level 11. HP: 99/102 MP: 19/23
  1960 | D        | Killed a catoblepas
  2440 | D        | Killed a death yak
  2441 | D        | Reached skill level 18 in Unarmed Combat
  2442 | D        | Killed a catoblepas
  2721 | D        | Noticed Psyche
  2728 | D        | Killed Psyche
  2729 | D        | Reached skill level 19 in Unarmed Combat
  2739 | D        | Noticed Gastronok
  2744 | D        | Noticed Maurice
  2755 | D        | Killed Gastronok
  2763 | D        | Killed Maurice
  2764 | D        | Reached skill level 20 in Unarmed Combat
  3053 | D        | Noticed an orc sorcerer
  3053 | D        | Noticed an orc sorcerer
  3057 | D        | Killed an orc sorcerer
  3063 | D        | Killed an orc sorcerer
  3066 | D        | Reached skill level 21 in Unarmed Combat
  3134 | D        | Found Jeibaprek's Assorted Antiques.
  3134 | D        | Noticed an orc knight
  3134 | D        | Noticed an orc knight
  3134 | D        | Noticed an orc knight
  3134 | D        | Noticed an orc knight
  3134 | D        | Noticed an orc high priest
  3137 | D        | Killed an orc high priest
  3138 | D        | Noticed an orc high priest
  3142 | D        | Killed an orc knight
  3142 | D        | Noticed an orc high priest
  3147 | D        | Killed an orc knight
  3148 | D        | Reached skill level 22 in Unarmed Combat
  3150 | D        | Killed an orc knight
  3152 | D        | Killed an orc knight
  3152 | D        | Killed an orc high priest
  3153 | D        | Reached XP level 12. HP: 42/110 MP: 0/24
  3156 | D        | Killed an orc high priest
  3157 | D        | Reached skill level 23 in Unarmed Combat
  3167 | D        | HP: 1/110 [orc knight/+0 great sword of electrocution (17)]
  3169 | D        | Slain by an orc knight

Illustrated notes

Levels and vault maps discovered:
D:        linesprint [early_d, line_temple, items_1, d_10, items_2, lair_1,
          lair_end, items_3, orc_1, orc_end, items_4, d_15, swamp_1, shoals_1,
          snake_1, spider_1, d_20, vaults_1, items_5, swamp_end, shoals_end,
          snake_end, spider_end, vaults_end, d_27, items_6, zot_1, zot_end,
          crypt_end, forest_end, elf_end, slime_end, tomb_end, abyss_end,
          pan_hell_end]

Skill      XL: |  1  2  3  4  5  6  7  8  9 10 11 12 |
---------------+-------------------------------------+-----
Dodging        | 2 3 4 5 6 7 8 9 |  9.6
Fighting       | 2 4 5 6 7 8 9 11 | 11.1
Unarmed Combat | 4 5 6 7 8 9 11 17 22 23 | 23.0
Spellcasting   | 3 4 5 6 7 8 |  8.9
Transmutations | 4 5 6 8 9 |  9.7
Invocations    | 3 4 6 8 9 |  9.0

Action                   |  1- 3 |  4- 6 |  7- 9 | 10-12 || total
-------------------------+-------+-------+-------+-------++-------
Melee: Unarmed           |    35 |    15 |    55 |   141 ||   246
       Headbutt          |     6 |     1 |       |       ||     7
       Kick              |     5 |     2 |       |       ||     7
       Tailslap          |     5 |       |       |     1 ||     6
       Punch             |       |     1 |       |     4 ||     5
 Cast: Beastly Appendage |     3 |       |       |       ||     3
       Ice Form          |       |     1 |     3 |     3 ||     7
       Spider Form       |       |       |       |     6 ||     6
       Wereblood         |       |       |       |     2 ||     2
Invok: Slouch            |       |       |     1 |     6 ||     7
 Abil: Breathe Acid      |       |       |     1 |     1 ||     2
       End Transformatio |       |       |       |     1 ||     1
  Use: Potion            |     3 |     1 |     5 |     2 ||    11
 Stab: Invisible         |       |       |     5 |       ||     5
       Petrified         |       |       |       |     3 ||     3
Armor: Skin              |     5 |     6 |     9 |    20 ||    40
Dodge: Dodged            |    16 |     4 |    26 |    76 ||   122

Table legend: (Time is in decaauts)
 A = Elapsed time spent in this place.
 B = Non-inter-level travel time spent in this place.
 C = Inter-level travel time spent in this place.
 D = Time resting spent in this place.
 E = Time spent auto-exploring this place.
 F = Levels seen in this place.
 G = Mean time per level.
                   A        B        C        D        E       F      G
               +--------+--------+--------+--------+--------+-----+--------+
         Total |   3418 |   3418 |      0 |   2377 |      0 |   1 | 3418.0 |
       Dungeon |   3418 |   3418 |      0 |   2377 |      0 |   1 | 3418.0 |
               +--------+--------+--------+--------+--------+-----+--------+

Top non-repeatable levels by time:
       D: 3418 daAuts
